 Dungeon Crawl Stone Soup version 0.23.2-1-ga50397a6bc (webtiles) character file.

Game seed: 3292514265498380463

634 Gargoyl the Covered (level 7, -2/58 HPs)
             Began as a Centaur Abyssal Knight on May 3, 2019.
             Was a Priest of Lugonu.
             Slain by Dowan
             ... wielding a +0 dagger of electrocution
              (20 damage)
             ... on level 4 of the Dungeon on May 4, 2019.
             The game lasted 00:07:52 (4379 turns).

Gargoyl the Covered (Centaur Abyssal Knight)        Turns: 4379, Time: 00:07:52

Health: -2/58      AC: 12    Str: 14    XL:     7   Next: 24%
Magic:  9/9        EV:  5    Int: 11    God:    Lugonu [***...]
Gold:   167        SH:  0    Dex: 11    Spells: 6/6 levels left

rFire    . . .     SeeInvis .   a - +1 hand axe
rCold    . . .     Gourm    .   (no shield)
rNeg     . . .     Faith    .   e - +4 chain mail "Sanaeph" {rPois rCorr Stlth+}
rPois    +         Spirit   .   (no helmet)
rElec    .         Reflect  .   (no cloak)
rCorr    +         Harm     .   (no gloves)
MR       .....                  (no barding)
Stlth    ..........             (no amulet)
HPRegen  0.19/turn              (no ring)
MPRegen  0.11/turn              (no ring)

@: very quick
A: large, hooves 3, deformed body, speed 2, tough skin 3
a: Depart the Abyss, Bend Space, Banish, Renounce Religion


You were on level 4 of the Dungeon.
You worshipped Lugonu.
Lugonu was most pleased with you.
You were not hungry.

You visited 1 branch of the dungeon, and saw 4 of its levels.
You visited the Abyss 1 time.

You collected 167 gold pieces.

Inventory:

Hand Weapons
 a - a +1 hand axe (weapon)
 n - a +0 war axe
Armour
 e - the +4 chain mail "Sanaeph" (worn) {rPois rCorr Stlth+}
   (You found it on level 2 of the Abyss)

   It protects you from poison.
   It provides partial protection from all sources of acid and corrosion.
   It makes you more stealthy.
Scrolls
 b - a scroll of random uselessness {unknown}
 d - 2 scrolls of blinking
 g - a scroll of fog
 j - a scroll of identify
Potions
 f - a potion of might
 h - a potion of agility
 i - a potion of heal wounds
 m - a potion of lignification {unknown}
Comestibles
 c - 4 rations
 k - 10 chunks of flesh


   Skills:
 + Level 3.9 Fighting
 + Level 3.5 Axes
 * Level 4.1 Armour
 * Level 2.1 Dodging
 * Level 3.5 Invocations


You had 6 spell levels left.
You didn't know any spells.
Your spell library was empty.

Dungeon Overview and Level Annotations

Branches:
Dungeon (4/15)
 Temple: D:4-7

Altars:
Vehumet

Annotations:
D:2 2 transporters, Terence
D:4 Dowan


Innate Abilities, Weirdness & Mutations

You have hooves in place of feet.
Armour fits poorly on your strangely shaped body.
You cover ground very quickly.
You have extremely tough skin. (AC +3)


Message History

Lugonu accepts your kill.
Dowan seems overcome with grief, but rights himself reflexively soon after.
Dowan seems to find hidden reserves of power!
Your Armour skill increases to level 4!
You hit the orc. The orc hits you but does no damage.
You slash Dowan!
Dowan is moderately wounded.
You hit the orc. Dowan closely misses you. The orc hits you but does no damage.
Dowan points at you and mumbles some strange words.
The stone arrow hits you.
Unknown command.
Dowan casts a spell at you. The shard of ice hits you!
The orc closely misses you.
You see here an orc corpse.
The orc barely misses you.
Items here: % ) [ ÷ a +0 dagger; a +0 robe; 3 chunks of flesh; an orc skeleton
There is a stone staircase leading up here.
Dowan hits you but does no damage.
You are electrocuted!!
You die...

#........ .........
......... ........#
........##
#...$....##
####.......#
##.#..##.))###
.......#.)@).#
.........e...#
.............#
.....#.o###...#
.....##)## ##$# ....
......)†.# ..#....
......#.$# .......
...####)######[.%...
.. ##....>#.#......


You could see Dowan and an orc.

Vanquished Creatures
  Duvessa (D:4)
  A phantom (D:3)
  An ogre (D:3)
  A bullfrog (D:3)
  A hound (D:3)
  An orc priest (D:4)
  A worker ant (D:4)
  2 orc wizards (D:4)
  5 adders
  An ooze (D:3)
  An adder skeleton (D:4)
  3 worms
  5 dart slugs
  A leopard gecko (D:2)
  12 orcs
  12 bats
  A giant cockroach (D:2)
  5 goblins
  5 hobgoblins
  2 quokkas
  2 ball pythons
  3 frilled lizards
  10 kobolds
  9 rats
86 creatures vanquished.

Notes
Turn   | Place    | Note
-------+----------+-------------------------------------------
     0 | Abyss:1  | Gargoyl the Centaur Abyssal Knight began the quest for the
                  | Orb.
     0 | Abyss:1  | Reached XP level 1. HP: 19/19 MP: 2/2
    33 | Abyss:2  | Found a corrupted altar of Lugonu.
    41 | Abyss:2  | Noticed a kobold demonologist
    65 | Abyss:2  | Got a smoking chain mail
    76 | Abyss:2  | Identified the +4 chain mail "Sanaeph" {rPois rCorr Stlth+}
                  | (You found it on level 2 of the Abyss)
    99 | Abyss:2  | Noticed a storm dragon skeleton
   100 | D:1      | Escaped the Abyss
   533 | D:1      | Reached XP level 2. HP: 25/26 MP: 3/3
   886 | D:1      | Reached * piety under Lugonu
  1291 | D:2      | Reached skill level 1 in Dodging
  1297 | D:2      | Reached XP level 3. HP: 29/31 MP: 4/4
  1310 | D:2      | Found a transporter.
  1311 | D:2      | Found a transporter.
  1449 | D:2      | Reached skill level 2 in Armour
  1470 | D:2      | Noticed Terence
  1790 | D:2      | Found a radiant altar of Vehumet.
  1909 | D:2      | Reached ** piety under Lugonu
  2223 | D:2      | Reached XP level 4. HP: 31/38 MP: 5/5
  2630 | D:3      | Noticed a bullfrog
  2641 | D:3      | Killed a bullfrog
  2641 | D:3      | Reached XP level 5. HP: 32/45 MP: 6/6
  3660 | D:4      | Noticed Duvessa
  3860 | D:4      | Noticed a phantom
  3938 | D:3      | Killed a phantom
  3938 | D:3      | Reached skill level 3 in Armour
  4144 | D:4      | Noticed an ogre
  4147 | D:4      | Reached XP level 6. HP: 51/51 MP: 8/8
  4209 | D:4      | Noticed Dowan
  4344 | D:4      | Reached *** piety under Lugonu
  4351 | D:4      | Reached XP level 7. HP: 39/58 MP: 9/9
  4371 | D:4      | Killed Duvessa
  4371 | D:4      | Reached skill level 4 in Armour
  4379 | D:4      | Slain by Dowan

Skill      XL: |  1  2  3  4  5  6  7 |
---------------+----------------------+-----
Axes           | 2 3 |  3.5
Dodging        | 1 2 |  2.1
Armour         | 2 3 4 |  4.1
Invocations    | 3 |  3.5
Fighting       | |  3.9

Action                   |  1- 3 |  4- 6 |  7- 9 || total
-------------------------+-------+-------+-------++-------
Melee: Hand axe          |   146 |   112 |    13 ||   271
       Kick              |    24 |    22 |     3 ||    49
Invok: Depart the Abyss  |     1 |       |       ||     1
Evoke: Wand              |       |     8 |       ||     8
  Use: Potion            |     2 |     1 |       ||     3
       Scroll            |     5 |     6 |       ||    11
  Eat: Chunk             |     2 |     7 |       ||     9
Armor: Chain mail        |   165 |   133 |    10 ||   308
Dodge: Dodged            |    28 |    43 |    10 ||    81
